Cogmind - Beta 13 @@@ ROGUE MODE // 2024.04.06 @ 14:35:11 Player: Rocketboy Result: Self-destructed Performance ------------- Evolutions (1) 500 Regions Visited (2) 400 Robots Destroyed (32) 160 Value Destroyed (493) 493 Prototype IDs (0) 0 Alien Tech Used (0) 0 Bonus (0) 0 TOTAL SCORE: 1553 Bonus ------- None Cogmind --------- Core Integrity 248/400 Matter 296/300 Energy 160/160 System Corruption 0% Temperature Cool (30) Movement Flying (34) Location -9/Materials Parts ------- > --- POWER (1) -------- Light Nuclear Core > --- PROPULSION (4) --- Flight Unit Flight Unit Flight Unit > --- UTILITY (2) ------ Small Storage Unit Signal Interpreter > --- WEAPON (2) ------- (None) > --- INVENTORY (8) ---- Light Ion Engine Improved Terrain Scanner ECM Suite ECM Suite Peak State ------------ > --- POWER ------------ Light Nuclear Core > --- PROPULSION ------- Flight Unit Flight Unit Flight Unit Flight Unit > --- UTILITY ---------- Signal Interpreter Improved Terrain Scanner > --- WEAPON ----------- Light Assault Rifle Light Assault Rifle > --- INVENTORY -------- Light Ion Engine Flight Unit Small Storage Unit Mining Laser [Rating: 13] Favorites ----------- Power Light Nuclear Core Engine Light Ion Engine Power Core Light Nuclear Core Propulsion Aluminum Leg Leg Aluminum Leg Flight Unit Flight Unit Utility Small Storage Unit Device Sensor Array Storage Small Storage Unit Processor Signal Interpreter Weapon Light Assault Rifle Ballistic Gun Light Assault Rifle Special Weapon Mining Laser Build | -11 -10 -9 ------- Run | Yrd Mat Mat Slots Evolved 2 | . . 2 Power . | . . . Propulsion 2 | . . 2 Utility . | . . . Weapon . | . . . Parts Attached 27 | 8 10 9 Power 5 | 2 3 . Engine 4 | 2 2 . Core 1 | . 1 . Reactor . | . . . Propulsion 11 | 2 3 6 Treads . | . . . Leg 5 | 2 3 . Wheel . | . . . Hover . | . . . Flight 6 | . . 6 Utility 7 | 2 3 2 Device 4 | 1 2 1 Storage 2 | 1 . 1 Processor 1 | . 1 . Hackware . | . . . Protection . | . . . Artifact . | . . . Weapon 4 | 2 1 1 Energy Gun . | . . . Energy Cannon . | . . . Ballistic Gun 3 | 2 1 . Ballistic Cannon . | . . . Launcher . | . . . Special Weapon 1 | . . 1 Impact Weapon . | . . . Slashing Weapon . | . . . Piercing Weapon . | . . . Special Melee Weapon . | . . . Unidentified Prototypes . | . . . Parts Lost 8 | . 2 6 Power 1 | . 1 . Propulsion 3 | . . 3 Utility 1 | . 1 . Weapon 3 | . . 3 Highest Loss Streak 3 | . 2 3 To Critical Strikes 1 | . . 1 Average Slot Usage (%) 97 | . 99 91 Engine 6 | . 7 . Core 7 | . 6 11 Leg 22 | . 28 . Flight 7 | . . 37 Device 5 | . 5 4 Storage 12 | . 14 6 Processor 8 | . 7 11 Ballistic Gun 26 | . 28 20 Naked Turns . | . . . Heaviest Build 13 | 13 12 12 Greatest Support 20 | 20 20 16 Greatest Overweight (x) 3 | 3 . . Average Overweight (x) . | . . . Largest Inventory Capacity 8 | 8 8 8 Average Capacity 7 | 7 8 6 Most Carried 8 | 5 8 7 Average Carried 6 | 2 7 5 Final Capacity 8 | 8 8 8 Final Carried 8 | 5 8 4 Class Distribution -------------------- 68% | Mutant 20% | Scavenger-Mutant 11% | Scavenger-Sprinter Dominant Class ---------------- Mutant | -10/Materials Scavenger-Sprinter | -9/Materials Resources | -11 -10 -9 ----------- Run | Yrd Mat Mat Matter Collected 691 | 332 232 127 Remotely . | . . . Salvage Created 839 | 172 447 220 Parts 71 | 14 39 18 Haulers Intercepted 1 | . . 1 Recyclers Shooed . | . . . Parts Field Recycled . | . . . Retrieved Matter . | . . . Parts Self-Destructed . | . . . Prevented . | . . . Kills | -11 -10 -9 ------- Run | Yrd Mat Mat Combat Hostiles Destroyed 17 | . 12 5 Guns 17 | . 12 5 Classes Destroyed 9 | 3 5 1 Worker 4 | 2 2 . Builder 1 | . 1 . Tunneler 3 | 3 . . Hauler 1 | . . 1 Recycler 1 | 1 . . Operator 2 | . 1 1 Watcher 3 | . 2 1 Swarmer 9 | . 6 3 Grunt 8 | . 6 2 Best Kill Streak 6 | 6 6 4 Combat Bots Only 5 | . 5 3 Max Kills in Single Turn 2 | 1 2 1 Gunslinging 1 | . 1 . Exploded . | . . . Melee . | . . . Uniques/NPCs Destroyed . | . . . Combat | -11 -10 -9 -------- Run | Yrd Mat Mat Hostile Shots Fired 128 | . 84 44 Missed 34 | . 22 12 Damage Taken 976 | . 602 374 Core 328 | . 176 152 Absorbed by Shields . | . . . Core Remaining (%) 64 | 100 29 . Volleys Fired 119 | 13 72 34 Largest 2 | 2 2 2 Hottest 120 | 40 40 120 Shots Fired 235 | 26 144 65 Gun 234 | 26 144 64 Cannon . | . . . Launcher . | . . . Special 1 | . . 1 Kinetic 234 | 26 144 64 Thermal 1 | . . 1 Explosive . | . . . Electromagnetic . | . . . Robot Hit Streak 7 | 4 7 6 Robot Miss Streak 7 | 2 7 3 Penetration Max . | . . . Secondary Targets 4 | . 3 1 Max Gunslinging Chain 1 | . 1 1 Shots Hit Robots 132 | 12 81 39 Core Hits 61 | 7 36 18 Critical Kills . | . . . Critical Parts Destroyed 1 | . 1 . Critical Strikes 1 | . 1 . Destroy 1 | . 1 . Melee Attacks . | . . . Impact . | . . . Slashing . | . . . Piercing . | . . . Sneak Attacks . | . . . Combat Hostiles . | . . . Follow-up Attacks . | . . . Damage Inflicted 1124 | 140 669 315 Guns 1124 | 140 669 315 Cannons . | . . . Explosions . | . . . Melee . | . . . Ramming . | . . . Kinetic 1124 | 140 669 315 Thermal . | . . . Explosive . | . . . Electromagnetic . | . . . Impact . | . . . Slashing . | . . . Piercing . | . . . Highest Corruption . | . . . Average Corruption . | . . . Corruption Purged . | . . . Corruption Blocked . | . . . Overload Shots . | . . . Overflow Damage . | . . . Projectiles . | . . . Explosions . | . . . Melee . | . . . Knockbacks . | . . . Impact . | . . . Kinetic . | . . . Secondary . | . . . Self-Inflicted Damage . | . . . Shots . | . . . Rammed . | . . . Targets Rammed . | . . . Kicked . | . . . Crushed . | . . . Highest Temperature 74 | . 20 74 Average Temperature 12 | . 6 16 Received Heat Transfer 387 | . 201 186 Siege Activations . | . . . Robots Corrupted . | . . . Combat Hostiles . | . . . Parts Fried . | . . . Impact Corruptions . | . . . Robots Melted . | . . . Combat Hostiles . | . . . Parts Melted . | . . . Heat Transferred . | . . . Parts Sabotaged . | . . . Parts Stolen . | . . . Parts Stripped . | . . . Power Chain Reactions . | . . . Alert | -11 -10 -9 ------- Run | Yrd Mat Mat Peak Influence 253 | 30 226 253 Initial 89 | . 19 89 Average 98 | 9 97 174 Maximum Alert Level 1 | . 1 1 Low Security (%) 93 | 100 97 72 Level 1 6 | . 2 27 Level 2 . | . . . Level 3 . | . . . Level 4 . | . . . Level 5 . | . . . High Security . | . . . Max Security . | . . . Squads Dispatched 4 | . 2 2 Investigation 2 | . 1 1 Extermination . | . . . Reinforcement 2 | . 1 1 Assault . | . . . Garrison . | . . . Intercept . | . . . Searches Triggered . | . . . Construction Impeded . | . . . Haulers Reinforced . | . . . Active Scanning Responses . | . . . Cargo Convoy Interrupts . | . . . Stealth | -11 -10 -9 --------- Run | Yrd Mat Mat Distress Signals 4 | . 3 1 Communications Jammed . | . . . Distress Signals . | . . . Times Spotted 33 | . 22 11 Peak Tracking Total 6 | . 6 6 Tactical Retreats . | . . . Traps | -11 -10 -9 ------- Run | Yrd Mat Mat Traps Triggered 1 | . 1 . Indirectly . | . . . Trap Hack Attempts . | . . . Triggered . | . . . Disarmed . | . . . Reprogrammed . | . . . Reused . | . . . Traps Extracted . | . . . Installed . | . . . Triggered . | . . . Machines | -11 -10 -9 ---------- Run | Yrd Mat Mat Machines Disabled . | . . . Max in Single Turn . | . . . Machines Repaired . | . . . Machines Dismantled . | . . . Machines Sabotaged . | . . . Overloaded Fab Kills . | . . . Hacking | -11 -10 -9 --------- Run | Yrd Mat Mat Machines Accessed 9 | . 5 4 Terminals 8 | . 5 3 Fabricators . | . . . Repair Stations . | . . . Recycling Units . | . . . Scanalyzers 1 | . . 1 Garrison Access . | . . . Total Hacks 29 | . 15 14 Successful 6 | . 2 4 Failed 22 | . 12 10 Catastrophic 4 | . 2 2 Database Lockouts 1 | . 1 . Manual 24 | . 15 9 Terminals 24 | . 15 9 Fabricators . | . . . Repair Stations . | . . . Recycling Units . | . . . Scanalyzers 5 | . . 5 Garrison Access . | . . . Terminal Hacks 4 | . 2 2 Part Schematic 1 | . 1 . Terminal Index 2 | . 1 1 Fabricator Index 1 | . . 1 Fabricator Hacks . | . . . Repair Station Hacks . | . . . Recycling Unit Hacks . | . . . Scanalyzer 2 | . . 2 Insert Component 1 | . . 1 Analyze 1 | . . 1 Garrison Access Hacks . | . . . Unauthorized Hacks . | . . . Terminals . | . . . Fabricators . | . . . Repair Stations . | . . . Recycling Units . | . . . Scanalyzers . | . . . Garrison Access . | . . . Data Cores Recovered 1 | . . 1 Used 1 | . . 1 Hacking Detections 9 | . 5 4 Full Trace Events 6 | . 5 1 Feedback Events . | . . . Feedback Blocked . | . . . Robot Schematics Acquired . | . . . Robots Built . | . . . Authchips . | . . . Time . | . . . Total Robot Build Rating . | . . . Part Schematics Acquired 2 | . 1 1 Parts Built . | . . . Authchips . | . . . Time . | . . . Total Part Build Rating . | . . . Parts Repaired . | . . . Time . | . . . Parts Recycled . | . . . Recycled Matter . | . . . Retrieved Matter . | . . . Retrieved Components . | . . . Parts Scanalyzed 1 | . . 1 Part Schematics Acquired 1 | . . 1 Parts Damaged . | . . . Bothacking | -11 -10 -9 ------------ Run | Yrd Mat Mat Used RIF Installer . | . . . Robots Hacked . | . . . Non-combat . | . . . Combat . | . . . Robot Hacks Applied . | . . . Relay Couplers Released . | . . . Fabnet Peak Effective % . | . . . Robots Rewired . | . . . Allies Hacked . | . . . Hacks Repelled . | . . . Allies | -11 -10 -9 -------- Run | Yrd Mat Mat Total Allies . | . . . Largest Group . | . . . Highest-Rated Group . | . . . Highest-Rated Ally . | . . . Total Orders . | . . . Ally Attacks . | . . . Total Damage . | . . . Kills . | . . . Allies Corrupted . | . . . Allies Melted . | . . . Intel | -11 -10 -9 ------- Run | Yrd Mat Mat Robot Analysis Total . | . . . Derelict Logs Recovered . | . . . Drone Launches . | . . . Drone Recoveries . | . . . Exploration | -11 -10 -9 ------------- Run | Yrd Mat Mat Turns Passed 1029 | 141 721 167 Spaces Moved 633 | 71 411 151 Core 10 | 10 . . Treads . | . . . Legs 472 | 61 411 . Wheels . | . . . Hover . | . . . Flight 151 | . . 151 Fastest Speed 31 | 50 120 31 Average Speed 99 | 120 120 31 Slowest Speed 200 | 200 120 34 Overloaded Moves . | . . . Propulsion Burnouts . | . . . Robots Hopped . | . . . Cave-ins Triggered . | . . . Exploration Rate (%) 27 | 4 63 15 Regions Visited 2 Branch Regions . Pre-discovered Areas . | . . . Known Exits Taken 1 | . 1 . Unknown Exits Taken 1 | 1 . . Scrap Searched . | . . . Spaces Dug 1 | . . 1 Terrain Destroyed 1 | . . 1 Melee . | . . . Projectile 1 | . . 1 AOE . | . . . Terrain Rammed . | . . . Walls Destroyed . | . . . Machines Disabled . | . . . Actions | -11 -10 -9 --------- Run | Yrd Mat Mat Total 845 | 100 529 216 Wait 33 | . 17 16 Move 631 | 70 410 151 Hop . | . . . Pick Up 17 | 6 8 3 Fast Attach 11 | 8 3 . Attach 10 | . 2 8 Detach 4 | 1 2 1 Swap 6 | . 5 1 Drop 14 | 2 10 2 Fire 119 | 13 72 34 Melee . | . . . Ram . | . . . Kick . | . . . Crush . | . . . Escape Stasis . | . . . Rewire . | . . . Trap . | . . . Miscellaneous . | . . . Route ------- -11/Scrapyard -10/Materials (discovered 4 exits: *Mat x3 / *Min) -9/Materials History --------- Turn | Location | Event 26 | -11/Scrapyard | Discovered new exit (range 15) 142 | -11/Scrapyard | Entered Materials 306 | -10/Materials | Build established: Mutant 347 | -10/Materials | Discovered new exit (range 8) 435 | -10/Materials | Discovered new exit (range 15) 456 | -10/Materials | Identified exit to Materials 626 | -10/Materials | Identified exit to Mines 684 | -10/Materials | Core integrity fell below 50% 752 | -10/Materials | Discovered exit to Materials (range 7) 826 | -10/Materials | Discovered exit to Materials (range 14) 833 | -10/Materials | Central database locked down 863 | -10/Materials | Entered another Materials area 863 | -9/Materials | Evolved 2 slots: Propulsion x2 1015 | -9/Materials | Lost 3 parts (3n) 1030 | -9/Materials | Self-destructed Last Messages --------------- Flight Unit destroyed. G-34 Mercenary destroyed. Flight Unit destroyed. G-34 Mercenary destroyed. Acquired 51 matter. W-16 Scout sends out distress signal. O-16 Technician: "IFF HANDSHAKE FAILED. SECURING TERMINAL." W-16 Scout destroyed. ALERT: Hostiles spotted, dispatching reinforcements to Terminal M009. A-02 Transporter destroyed. Switching to secondary target: Y-45 Defender. Critical hit (Burn: +37). Acquired 10 matter. Critical hit (Destroy). Lgt. Assault Rifle destroyed. Mining Laser destroyed. Critical hit (Burn: +37). Lgt. Assault Rifle destroyed. Map ----- +----------------------------------------------------+ | ?????????????????????????????????????????????????? | | ?????????????????????????????????????????????????? | | ?????????????????????????????????????????????????? | | ?????????????????????????????????????????????????? | | ?????????????????????????????????????????????????? | | ?????????????????????????????????????????????????? | | ?????????????????????????????????????????????????? | | ?????????????????????????????????????????????????? | | ?????????????????????????????????????????????????? | | ?????????????????????????????????????????????????? | | ?????????????????????????????????????????????????? | | ?????????????????????????????????????????????????? | | ?????????????????????????????????????????????????? | | ?????????????????????????????????????????????????? | | ?????????????????????????????????????????????????? | | ?????????????????????????????????????????????????? | | ?????????????????????????????????????????????????? | | ?????????????????????????????????????????????????? | | ?????????????????????????????????????????????????? | | ?????????????????????????????????????????????????? | | ?????????????????????????????????????????????????? | | ?????????????????????????????????????????????????? | | ???????????????? ????????????????????????????????? | | ?????????????????????###???????? #####???????????? | | #####################;##### ??????????? | | =!%!* !=[[%[[*= @gt T ??????+???? | | =### #################### ??????????? | | ??????# ###########??#??????? ?? #####? ?????????? | | ??????# # "" #?????#????????????????????????? | | ??????# # ] ""S #?#????????????????????????????? | | ??????# # "" #??????????????????????????????? | | ????### # #??????????????????????????????? | | ### # #??????????????????????######??? | | # """ #??????#??????????????##!!!!##?? | | ### # """ ! ##????????????????????#! !#?? | | ????# # """ #?????????????#######?# #?# | | ##### #####+################### ### #???? | | # #?#[ [ #??#? | | [!#* ### = #???? | | [[+% T = = #???? | | ![=#! ###########+############ ###+######?? | | # #?????# #??#?#####+##### #?? | | = ### ###??#??# #????# # #?? | | ####?# #???????# ##???# # === #?? | | ?????# #??##???# """ ##???# + === #?? | | ?#####+#####???# """ ""#????# # === #?? | | ?# #???# """ T"#???## # #?? | | ?# "T" #???# ""#????# #########? | | ?# """ ##??# #????# #????????? | | ?# #???###########????# #????????? | +----------------------------------------------------+ Best States ------------- Heat Dissipation 28 Energy Generation 14 Energy Capacity 250 Matter Stores 300 Matter Capacity 300 Sight Range 16 Robot Scan Range 14 Terrain Scan Range 16 Terrain Scan Density 10 Evasion (%) 63 Item Schematics ----------------- Lgt. Assault Rifle | -10/Materials | Hacked Flight Unit | -9/Materials | Scanalyzed Robot Schematics ------------------ None Fabricated ------------ Nothing Alien Tech Used ----------------- None Achievements -------------- None Challenges ------------ None Game ------ Seed TrackerPhaseModule Manual? 0 Play Time 00:23:36 Cumulative 18.1 hours Start 2024.04.06 @ 12:48:43 End 2024.04.06 @ 14:35:11 Sessions 2 Manual Loads 0 Difficulty Rogue Special Mode None Game No. 32 Rogue 32 Adventurer 0 Explorer 0 Win Type - Total 0 Types 0/0/0/0/0/0/0/0/0 Lore% 19 Gallery% 25 Achievement% 20 Wizard Run 0 Options --------- Layout 1 ASCII 0 Keyboard 0 Movement Mouse Keybinds 0 Fullscreen 1 Font 32/SmallcapsGlow Map View 50x35 Zoom Use 0% Tactical HUD 0 Map Filters NONE Filters NONE Steam 1 RUN: 24e51a4b-2e0f-4b1c-8bba-a969ca604811